 Dungeon Crawl Stone Soup version 0.20.0-10-g0535bb4 (webtiles) character file.

373 xgamer67 the Ruffian (level 6, -3/55 HPs)
             Began as a Troll Hunter on June 7, 2017.
             Slain by an ogre
             ... wielding a +0 giant spiked club
              (25 damage)
             ... on level 4 of the Dungeon.
             The game lasted 00:06:59 (2288 turns).

xgamer67 the Ruffian (Troll Hunter)                 Turns: 2288, Time: 00:06:59

Health: -3/55      AC:  5    Str: 21    XL:     6   Next: 43%
Magic:  5/5        EV: 10    Int:  7    God:
Gold:   138        SH:  0    Dex: 12    Spells: 5/5 levels left

rFire    . . .     SeeInvis .     - Unarmed
rCold    . . .     Gourm    +   (no shield)
rNeg     . . .     Faith    .   l - +0 robe (curse)
rPois    .         Spirit   .   (helmet restricted)
rElec    .         Reflect  .   (no cloak)
rCorr    .         Harm     .   (gloves unavailable)
MR       .....                  (boots unavailable)
Stlth    +.........             (no amulet)
Regen    0.6/turn               (no ring)
MPRegen  0.1/turn               (no ring)

@: no status effects
A: unfitting armour, claws 3, fast metabolism 3, gourmand, regeneration 1,
shaggy fur 1, tough skin 2
a: no special abilities


You were on level 4 of the Dungeon.
You were very full.

You visited 1 branch of the dungeon, and saw 4 of its levels.

You collected 138 gold pieces.

Inventory:

Missiles
 a - 149 stones
 c - 5 large rocks (quivered)
 d - 2 throwing nets
Armour
 l - a cursed +0 robe (worn)
Scrolls
 e - a scroll of random uselessness {unknown}
 h - 2 scrolls of identify {unknown}
 i - a scroll of enchant weapon {unknown}
 k - 2 scrolls of remove curse {unknown}
 r - a scroll of blinking {unknown}
Potions
 b - a potion of brilliance {unknown}
 g - 2 potions of curing {unknown}
 j - a potion of magic {unknown}
 m - a potion of flight {unknown}
 n - 2 potions of haste {unknown}
 p - a potion of agility {unknown}
 q - a potion of resistance {unknown}
 s - 2 potions of lignification {unknown}
 w - a potion of ambrosia {unknown}
Comestibles
 f - 5 bread rations
 o - 5 fruits
 u - a royal jelly
 v - a meat ration


   Skills:
 - Level 1.5 Fighting
 - Level 3.6 Throwing
 - Level 1.5 Dodging
 - Level 0.3 Stealth
 + Level 6.5 Unarmed Combat


You had 5 spell levels left.
You didn't know any spells.

Dungeon Overview and Level Annotations

Branches:
Dungeon (4/15)
 Temple: D:4-7

Altars:
Dithmenos
Ru


Innate Abilities, Weirdness & Mutations

You are too large for most types of armour.
You have claws for hands.
Your metabolism is lightning-fast.
You like to eat raw meat.
Your natural rate of healing is unusually fast.
You are covered in fur. (AC +1)
You have very tough skin. (AC +2)


Message History

The orc is moderately wounded.
The orc hits you with a mace.
You claw the orc!
You kill the orc!
An ogre opens the door.
Found a hunting sling.
Things that are here:
a mace; an orc corpse
Found a shadowy altar of Dithmenos.
Things that are here:
a mace; an orc corpse You mangle the ogre!!
The ogre is severely wounded.
The ogre hits you with a giant spiked club!!
You completely miss the ogre.
The ogre is severely wounded.
You scratch the ogre.
The ogre is severely wounded.
The ogre hits you with a giant spiked club!!
You die...

.....$.####....# ...##
..............####.....
......?..............
..##...................
..................?....
...............<.......
.##.....).###...).[....
#..####..##..........
#.##$.##@.#.........[
#.#...(O......#.##..#
#.#=...#....%......##
...##..#####.......##
##..##'###.##....>..#
.#+###.'$..#..###..#
##..r+###[##..# ...#
)...?#.###)..# ..#
h...#.......# ..


You could see an ogre and a quokka.

Vanquished Creatures
  An ogre (D:4)
  A scorpion (D:3)
  A bullfrog skeleton (D:4)
  2 hounds
  A gnoll (D:1)
  5 adders
  An ooze (D:2)
  2 worms
  4 dart slugs
  4 leopard geckos
  6 orcs
  3 giant cockroaches
  7 goblins
  8 hobgoblins
  3 jackals (D:1)
  10 kobolds
  2 ball pythons
  7 bats
  3 frilled lizards
  5 rats
76 creatures vanquished.

Notes
Turn   | Place    | Note
-------+----------+-------------------------------------------
     0 | D:1      | xgamer67 the Troll Hunter began the quest for the Orb.
     0 | D:1      | Reached XP level 1. HP: 19/19 MP: 0/0
    68 | D:1      | Reached skill level 1 in Unarmed Combat
   110 | D:1      | Reached XP level 2. HP: 26/27 MP: 1/1
   161 | D:1      | Reached skill level 2 in Unarmed Combat
   265 | D:1      | Reached XP level 3. HP: 33/33 MP: 2/2
   502 | D:1      | Reached skill level 3 in Unarmed Combat
  1429 | D:2      | Reached XP level 4. HP: 41/41 MP: 3/3
  1475 | D:2      | Found a sacrificial altar of Ru.
  1675 | D:3      | Reached skill level 4 in Unarmed Combat
  1860 | D:3      | Reached XP level 5. HP: 48/48 MP: 4/4
  1935 | D:3      | Reached skill level 5 in Unarmed Combat
  2165 | D:4      | Noticed an ogre
  2181 | D:4      | Reached XP level 6. HP: 27/55 MP: 5/5
  2201 | D:4      | Reached skill level 6 in Unarmed Combat
  2282 | D:4      | Found a shadowy altar of Dithmenos.
  2288 | D:4      | Slain by an ogre

Skill      XL: |  1  2  3  4  5  6 |
---------------+-------------------+-----
Unarmed Combat | 1 2 3 4 5 6 |  6.5
Fighting       | |  1.5
Throwing       | |  3.6
Dodging        | |  1.5
Stealth        | |  0.3

Action                   |  1- 3 |  4- 6 || total
-------------------------+-------+-------++-------
Melee: Unarmed           |   115 |   107 ||   222
       Punch             |     1 |     2 ||     3
Throw: Large rock        |       |     1 ||     1
 Stab: Sleeping          |     1 |     1 ||     2
  Eat: Chunk             |    17 |     9 ||    26
Armor: Robe              |    45 |    35 ||    80
Dodge: Dodged            |    59 |    53 ||   112
